 Dungeon Crawl Stone Soup version 0.21.1-1-g345015f (webtiles) character file.

1135 snakesoul the Basher (level 8, -9/52 HPs)
             Began as a Gargoyle Fighter on July 28, 2018.
             Was an Initiate of Okawaru.
             Collided with a rock wall (18 damage)
             ... caused by Lilu's ghost
             ... on level 7 of the Dungeon.
             The game lasted 00:08:54 (4940 turns).

snakesoul the Basher (Gargoyle Fighter)             Turns: 4940, Time: 00:08:56

Health: -9/52      AC: 16    Str: 21    XL:     8   Next: 36%
Magic:  8/8        EV:  9    Int: 10    God:    Okawaru [......]
Gold:   258        SH:  0    Dex:  9    Spells: 7/7 levels left

rFire    . . .     SeeInvis .   k - +0 great mace
rCold    . . .     Gourm    .   (shield currently unavailable)
rNeg     + + .     Faith    .   b - +0 scale mail
rPois    ∞         Spirit   .   d - +0 helmet
rElec    +         Reflect  .   (no cloak)
rCorr    .         Harm     .   r - +0 pair of gloves (curse)
MR       .....                  i - +1 pair of boots
Stlth    ..........             (no amulet)
HPRegen  0.17/turn              h - ring of positive energy
MPRegen  0.11/turn              (no ring)

@: no status effects
A: negative energy resistance 1, electricity resistance, unbreathing,
petrification resistance, rot immunity, AC +5
a: Renounce Religion


You were on level 7 of the Dungeon.
You worshipped Okawaru.
Okawaru was noncommittal.
You were not hungry.

You visited 2 branches of the dungeon, and saw 8 of its levels.

You collected 258 gold pieces.

Inventory:

Hand Weapons
 k - a +0 great mace (weapon)
 v - a cursed +3 flail
Missiles
 u - 2 silver tomahawks (quivered)
Armour
 b - a +0 scale mail (worn)
 c - a +0 shield
 d - a +0 helmet (worn)
 i - a +1 pair of boots (worn)
 r - a cursed +0 pair of gloves (worn)
Jewellery
 h - a ring of positive energy (left hand)
Wands
 a - a wand of paralysis (11)
Scrolls
 e - a scroll of fear {unknown}
 g - 2 scrolls of identify
 m - a scroll of teleportation {unknown}
 n - a scroll of enchant armour
Potions
 j - a potion of curing {unknown}
 l - a potion of flight {unknown}
 o - a potion of magic {unknown}
 p - a potion of invisibility {unknown}
 q - a potion of haste {unknown}
 s - a potion of mutation {unknown}
 w - a potion of cancellation {unknown}
Comestibles
 f - 9 rations
 t - 7 chunks of flesh


   Skills:
 + Level 6.9 Fighting
 * Level 8.1 Maces & Flails
 - Level 3.2 Armour
 - Level 3.2 Shields


You had 7 spell levels left.
You didn't know any spells.

Dungeon Overview and Level Annotations

Branches:
Dungeon (7/15)             Temple (1/1) D:6

Altars:
Cheibriados
Dithmenos
Elyvilon
Okawaru
Ru
Trog
Xom
Yredelemnul

Annotations:
D:7 Lilu's ghost, novice DECj


Innate Abilities, Weirdness & Mutations

You are resistant to torment.
Your stone body is resilient. (AC +5)
You are immune to poison.
You resist negative energy. (rN+)
You are resistant to electric shocks. (rElec)
You can survive without breathing.
You are immune to petrification.
You are immune to rotting.


Message History

Some of the chunks of flesh in your inventory have rotted away.
Lilu's ghost (novice Deep Elf Conjurer) comes into view.
It is wielding a weapon of speed.
Lilu's ghost moves out of view.
No target in view!
Lilu's ghost is too close now for your liking.
Lilu's ghost gestures at you while chanting.
The flame tongue hits you!
You miss Lilu's ghost.
Lilu's ghost points at you and mumbles some strange words.
The flame tongue misses you.
You closely miss Lilu's ghost.
Lilu's ghost points at you and mumbles some strange words.
The spray of energy hits you! Lilu's ghost hits you.
You hit Lilu's ghost but do no damage. Lilu's ghost casts a spell at you.
The lance of force hits you!
* * * LOW HITPOINT WARNING * * *
You are knocked back by the lance of force.
You slam into the rock wall!
You die...

#.##.# .###.# #.##.#
.###.# #. #.##.#######
.#. .#.......... ..
#.########## .# .#....#
#########.# #.##.##
#......@..# .###.#
#.........# #.##.#
#.........#..## .###.#
####.##........ #.##.#
#.##W.......
.###.########.##........
#.##..........##........
.###############........
#.###### #........


You could see Lilu's ghost.

Vanquished Creatures
  3 ogres (D:6)
  A bullfrog (D:7)
  A scorpion (D:5)
  5 wights (D:7)
  4 crimson imps
  A jelly (D:5)
  2 hounds
  An orc wizard (D:3)
  Jessica (D:3)
  3 worker ants
  4 gnolls (D:5)
  4 adders
  2 shadow imps (D:6)
  3 oozes
  An adder zombie (D:6)
  2 adder skeletons (D:4)
  3 worms
  5 leopard geckos
  13 orcs
  5 giant cockroaches
  6 goblins
  2 hobgoblins
  7 jackals
  A quokka (D:5)
  A ball python (D:3)
  10 bats
  5 frilled lizards
  5 kobolds
  2 leopard gecko skeletons
  A leopard gecko zombie (D:6)
  7 rats
111 creatures vanquished.

Notes
Turn   | Place    | Note
-------+----------+-------------------------------------------
     0 | D:1      | snakesoul the Gargoyle Fighter began the quest for the Orb.
     0 | D:1      | Reached XP level 1. HP: 14/14 MP: 1/1
   127 | D:1      | Reached XP level 2. HP: 19/19 MP: 2/2
   618 | D:1      | Reached skill level 3 in Maces & Flails
   619 | D:1      | Reached XP level 3. HP: 24/24 MP: 3/3
  1467 | D:2      | Found a sacrificial altar of Ru.
  1508 | D:2      | Reached XP level 4. HP: 29/29 MP: 4/4
  1606 | D:3      | Noticed Jessica
  1622 | D:3      | Killed Jessica
  1622 | D:3      | Reached skill level 4 in Maces & Flails
  1648 | D:3      | Found a snail-covered altar of Cheibriados.
  1854 | D:4      | Found a basalt altar of Yredelemnul.
  1900 | D:4      | Reached XP level 5. HP: 23/34 MP: 5/5
  2490 | D:5      | Entered Level 5 of the Dungeon
  2511 | D:5      | Reached skill level 5 in Maces & Flails
  2575 | D:5      | Reached XP level 6. HP: 29/40 MP: 6/6
  2593 | D:5      | Reached skill level 5 in Fighting
  3431 | D:5      | Reached skill level 6 in Maces & Flails
  3431 | D:5      | Reached XP level 7. HP: 34/44 MP: 7/7
  4238 | D:6      | Reached skill level 7 in Maces & Flails
  4271 | D:6      | Found a staircase to the Ecumenical Temple.
  4280 | Temple   | Entered the Ecumenical Temple
  4328 | Temple   | Became a worshipper of Warmaster Okawaru
  4530 | D:6      | Found a bloodstained altar of Trog.
  4637 | D:7      | Found a shimmering altar of Xom.
  4640 | D:7      | Noticed an angel
  4656 | D:7      | Reached XP level 8. HP: 48/52 MP: 8/8
  4839 | D:7      | Reached skill level 8 in Maces & Flails
  4935 | D:7      | Noticed Lilu's ghost (novice DECj)
  4940 | D:7      | Collided with a rock wall

Skill      XL: |  1  2  3  4  5  6  7  8 |
---------------+-------------------------+-----
Maces & Flails | 3 4 5 6 7 8 |  8.1
Fighting       | 4 5 6 |  6.9
Armour         | |  3.2
Shields        | |  3.2

Action                   |  1- 3 |  4- 6 |  7- 9 || total
-------------------------+-------+-------+-------++-------
Melee: Flail             |   154 |       |       ||   154
       Great mace        |     9 |   193 |   151 ||   353
  Use: Scroll            |     3 |     2 |     1 ||     6
       Potion            |       |     3 |       ||     3
  Eat: Chunk             |     2 |     6 |     3 ||    11
       Ration            |       |       |     1 ||     1
Armor: Scale mail        |   122 |   185 |   103 ||   410
Dodge: Dodged            |    66 |    98 |    84 ||   248
Block: Shield            |    83 |       |       ||    83
